 Dungeon Crawl Stone Soup version 0.28.0-53-g5a82cb258f (webtiles) character file.

Game seed: 1024276656262180252

108 reko13 the Covered (level 5, -5/55 (61) HPs)
             Began as a Human Fighter on Aug 20, 2022.
             Was a Believer of Makhleb.
             Killed by divine providence
             ... invoked by an orc priest
              (14 damage)
             ... on level 3 of the Dungeon.
             The game lasted 00:24:18 (1995 turns).

reko13 the Covered (Human Fighter)                  Turns: 1995, Time: 00:24:19

HP:   -5/55 (61)    AC: 22    Str: 18    XL:     5   Next: 12%
MP:   5/5           EV:  2    Int:  8    God:    Makhleb [**....]
Gold: 86            SH:  5    Dex: 13    Spells: 4/4 levels left

rFire   . . .      SeeInvis .   a - +0 long sword
rCold   . . .      Faith    .   c - +0 buckler
rNeg    . . .      Spirit   .   (armour currently unavailable)
rPois   +          Reflect  .   (helmet currently unavailable)
rElec   .          Harm     .   (cloak currently unavailable)
rCorr   .          Rampage  .   (gloves currently unavailable)
Will    .....      NoTele   +   (boots currently unavailable)
Stlth   +.........              (no amulet)
HPRegen 0.18/turn               (no ring)
MPRegen 0.09/turn               (no ring)

@: tree-form, drained
A: stationary, stasis, torment immunity, boosted hp
a: Renounce Religion, Minor Destruction


You were on level 3 of the Dungeon.
You worshipped Makhleb.
Makhleb was pleased with you.
You were a tree.
You visited 1 branch of the dungeon, and saw 3 of its levels.

You collected 86 gold pieces.

Inventory:

Hand Weapons
 a - a +0 long sword (weapon)
 o - a +0 mace
Missiles
 f - 3 atropa-tipped darts (quivered)
 i - 7 bolts
 l - 6 silver boomerangs
 q - 21 stones
 r - 24 arrows
Armour
 b - a +0 scale mail (melded)
 c - a +0 buckler (worn)
 e - a +0 leather armour
 n - a +0 cloak (melded)
Scrolls
 g - a scroll of fear {unknown}
 h - a scroll of enchant armour {unknown}
 j - a scroll of identify {unknown}
 k - 2 scrolls of noise {unknown}
 p - a scroll of vulnerability {unknown}
Potions
 d - 2 potions of might


   Skills:
 + Level 3.3 Fighting
 + Level 3.3 Long Blades
 + Level 3.8 Armour
 + Level 0.4 Dodging
 + Level 3.4 Shields


You had 4 spell levels left.
You didn't know any spells.
Your spell library was empty.

Dungeon Overview and Level Annotations

Branches:
Dungeon (3/15)

Altars:
Makhleb
Sif Muna

Shops:
D:1 (

Annotations:
D:3 Grinder


Message History

You block the orc's attack.
You hit the orc.
The orc is moderately wounded.
Grinder hits you but does no damage. The orc hits you but does no damage. x2
You cannot move.
You are a tree.
Your life force is drained.
Your movement speed is average.
Your attack delay is about 1.2.
Unknown command.
The orc priest invokes the aid of Beogh against you.
Beogh smites you! Grinder gestures at you.
You suddenly lose the ability to move!
The orc hits you with a +0 club. The orc hits you but does no damage.
Grinder hits you but does no damage. The orc hits you but does no damage. x2
Grinder hits you but does no damage. The orc hits you but does no damage. x2
You can move again.
You hit the orc.
The orc is severely wounded.
The orc priest mumbles some strange prayers to Beogh against you.
Beogh smites you!
* * * LOW HITPOINT WARNING * * *
You block Grinder's attack. The orc hits you but does no damage. x2
The orc priest calls upon Beogh to heal the orc.
The orc is healed somewhat.
You hit the orc but do no damage.
The orc is lightly wounded.
Grinder hits you but does no damage. The orc barely misses you.
The orc hits you but does no damage.
Grinder blinks!
You hit the orc.
The orc is severely wounded.
The orc barely misses you. You block the orc's attack.
The orc priest casts a cantrip, but nothing happens.
You block the orc's attack. The orc hits you but does no damage.
You hit the orc but do no damage.
The orc is severely wounded.
The orc priest begins to cast a cantrip, but forgets the words!
The orc hits you but does no damage. You block the orc's attack.
The orc priest calls down the wrath of Beogh upon you.
Beogh smites you!
You die...

#...........#
#.#........##
#...........##
#..............
#............##
#............#
#..o.........#
#.#o.......#.#
#.♣oo.....##.#
#.####..#.#
#.....# ##.# #
#....## .#
#.5.. .K ......
#o. .###..$ ...
.... ...# #....
.###


You could see Grinder, an orc priest and 3 orcs.

Vanquished Creatures
  3 gnolls (D:2)
  2 adders (D:2)
  2 worms (D:2)
  A dart slug (D:1)
  An orc (D:3)
  4 ball pythons
  2 bats (D:1)
  3 endoplasms
  3 giant cockroaches (D:1)
  6 goblins
  5 hobgoblins
  3 jackals (D:1)
  8 kobolds
  3 quokkas (D:1)
  2 frilled lizards
  3 rats (D:1)
51 creatures vanquished.

Notes
Turn   | Place    | Note
-------+----------+-------------------------------------------
     0 | D:1      | reko13 the Human Fighter began the quest for the Orb.
     0 | D:1      | Reached XP level 1. HP: 18/18 MP: 1/1
   221 | D:1      | Reached XP level 2. HP: 19/24 MP: 2/2
   410 | D:1      | Found a faded altar of an unknown god.
   418 | D:1      | Prayed at the altar of an unknown god.
   418 | D:1      | Became a worshipper of Makhleb the Destroyer
   418 | D:1      | Reached * piety under Makhleb
   522 | D:1      | Reached XP level 3. HP: 29/29 MP: 3/3
   637 | D:1      | Found Ohizeog's Antique Weapon Emporium.
  1112 | D:2      | Reached XP level 4. HP: 25/35 MP: 4/4
  1253 | D:2      | Reached ** piety under Makhleb
  1297 | D:2      | Found a shimmering blue altar of Sif Muna.
  1796 | D:2      | Reached XP level 5. HP: 41/41 MP: 5/5
  1961 | D:3      | Noticed Grinder
  1961 | D:3      | Paralysed by Grinder for 4 turns
  1980 | D:3      | Paralysed by Grinder for 6 turns
  1989 | D:3      | Paralysed by Grinder for 3 turns
  1995 | D:3      | Killed from afar by an orc priest

Illustrated notes

Levels and vault maps discovered:
D:1:      giann_bridges, layout_basic, serial_shops, nicolae_shop_stone,
          ebering_ecumenical_altar_webs, minmay_pentomino_x2
D:2:      layout_loops_cross, serial_glass, glass_columns_a, glass_columns_a,
          basic_altar
D:3:      layout_rooms, uniq_grinder

Skill      XL: |  1  2  3  4 |
---------------+-------------+-----
Long Blades    | 3 |  3.3
Fighting       | |  3.3
Armour         | |  3.8
Dodging        | |  0.4
Shields        | |  3.4

Action                   |  1- 3 |  4- 6 || total
-------------------------+-------+-------++-------
Melee: Long sword        |   134 |    36 ||   170
  Use: Potion            |       |     2 ||     2
Armor: Scale mail        |    72 |    20 ||    92
       Skin              |       |    17 ||    17
Dodge: Dodged            |    60 |    19 ||    79
Block: Buckler           |    27 |    10 ||    37
